[Event "Team 45 45 League T36"]
[Site "Internet Chess Club"]
[Date "2008.01.28"]
[Round "1"]
[White "mongmong"]
[Black "Budzo"]
[Result "0-1"]
[WhiteElo "1675"]
[BlackElo "1734"]
[Opening "Colle system"]
[ECO "D05"]
[Time "19:42:49"]
[TimeControl "2700+45"]

1. d4 d5 2. Nf3 Nf6 3. e3 e6 4. Bd3 c5 5. c3 Nc6 6. Nbd2 Bd6 7. O-O O-O 8. Qe2
Qc7 9. dxc5 Bxc5 10. e4 e5 11. exd5 Nxd5 12. Ne4 Be7 13. Bc4 Nf6 14. Nxf6+ Bxf6
15. Bd3 Ne7 16. Bg5 Bxg5 17. Nxg5 Bf5 18. Rfd1 Rad8 19. Bxf5 Nxf5 20. Rac1 h6
21. Nf3 f6 22. Rc2 Rxd1+ 23. Qxd1 Rd8 24. Rd2 Rxd2 25. Qxd2 Qd6 26. Qxd6 Nxd6
27. Kf1 Kf7 28. Ke2 Ke6 29. Nd2 Kd5 30. b3 e4 31. f3 f5 32. Nf1 f4 33. fxe4+
Nxe4 34. Kd3 g5 35. Nd2 Nxd2 36. Kxd2 Ke4 37. Ke2 g4 38. c4 h5 39. c5 Kd4 40. b4
Kc4 41. a3 Kb3 42. Kd3 Kxa3 43. Ke4 Kxb4 44. Kxf4 Kxc5 45. Kg5 a5 46. Kxh5 a4
47. h4 gxh3 48. gxh3 a3 {White resigns} 0-1

[Event "Team 45 45 League T36"]
[Site "Internet Chess Club"]
[Date "2008.01.28"]
[Round "1"]
[White "Cryptochess"]
[Black "Bdayton"]
[Result "1-0"]
[WhiteElo "1633"]
[BlackElo "1648"]
[Opening "Ruy Lopez: closed, 9.d4"]
[ECO "C91"]
[Time "16:12:29"]
[TimeControl "2700+45"]

1. e4 e5 2. Nf3 Nc6 3. Bb5 a6 4. Ba4 Nf6 5. O-O b5 6. Bb3 Be7 7. Re1 d6 8. c3
O-O 9. d4 exd4 10. cxd4 Bb7 11. Nc3 Na5 12. Bc2 c5 13. Bf4 Rc8 14. Qd3 c4 15.
Qe2 Nh5 16. Bg3 Nxg3 17. hxg3 Bf6 18. e5 dxe5 19. dxe5 Re8 20. Rad1 Qc7 21. Nd5
Bxd5 22. Rxd5 Nc6 23. Bf5 Rcd8 24. Rxd8 Qxd8 25. Qe4 g6 26. Qxc6 gxf5 27. Qxf6
Qxf6 28. exf6 {Black resigns} 1-0

[Event "Team 45 45 League T36"]
[Site "Internet Chess Club"]
[Date "2008.01.24"]
[Round "1"]
[White "chessbuzz"]
[Black "smsxman"]
[Result "0-1"]
[WhiteElo "1487"]
[BlackElo "1541"]
[Opening "Scotch opening"]
[ECO "C44"]
[Time "20:02:02"]
[TimeControl "2700+45"]

1. e4 e5 2. Nf3 Nc6 3. d4 d5 4. dxe5 dxe4 5. Qxd8+ Nxd8 6. Ng5 Bf5 7. Nc3 Bb4 8.
Bd2 Bxc3 9. Bxc3 h6 10. Nh3 Bxh3 11. gxh3 Ne6 12. Bg2 Ng5 13. O-O-O f6 14. exf6
Nxf6 15. Rhe1 O-O 16. Bxf6 Rxf6 17. h4 Nf3 18. Rxe4 c6 19. Bxf3 Rxf3 20. Re7
Rxf2 21. Rg1 Rf7 22. Rge1 Kf8 23. R7e2 Rf3 24. Re7 Rb8 25. R7e3 Rf2 26. R3e2
Rxe2 27. Rxe2 Re8 28. Rxe8+ Kxe8 29. Kd2 Kf7 30. Ke3 Kg6 31. Kf4 Kh5 32. Kg3 g5
33. hxg5 hxg5 34. h3 Kg6 35. Kg4 Kf6 36. c3 b6 37. c4 a5 38. a4 c5 39. b3 Kg6
40. h4 gxh4 41. Kxh4 Kf5 42. Kg3 Ke4 43. Kf2 Kd3 44. Ke1 Kc3 45. Kd1 Kxb3 46.
Kd2 Kxc4 47. Kc2 Kb4 {White resigns} 0-1

[Event "Team 45 45 League T36"]
[Site "Internet Chess Club"]
[Date "2008.01.26"]
[Round "1"]
[White "Mutaant"]
[Black "ticopatzer"]
[Result "1/2-1/2"]
[WhiteElo "1451"]
[BlackElo "1488"]
[Opening "King's pawn opening"]
[ECO "B07"]
[Time "17:56:37"]
[TimeControl "2700+45"]

1. e4 d6 2. Nf3 g6 3. Bc4 Bg7 4. d3 Nf6 5. h3 a6 6. Nc3 b5 7. Bb3 Bb7 8. Bg5 c5
9. Rb1 O-O 10. O-O Qc7 11. Qd2 Nc6 12. a3 Rad8 13. Qf4 Rd7 14. Qh4 Na5 15. Ba2
c4 16. g4 d5 17. e5 d4 18. exf6 exf6 19. Ne4 fxg5 20. Nfxg5 h6 21. Nf3 Qc6 22.
g5 h5 23. Qf4 Qc7 24. Qxc7 Rxc7 25. Rbe1 cxd3 26. cxd3 Rc2 27. Rb1 Re8 28. Nd6
Ree2 29. Bxf7+ Kf8 30. Nxb7 Nxb7 31. Bxg6 Rxb2 32. Rxb2 Rxb2 33. Ra1 Rb3 34. Ne1
Nc5 35. Kg2 Be5 36. Kf3 Kg7 37. Bf5 a5 38. Ke2 Rb2+ 39. Kf3 Rb3 {Game drawn by
mutual agreement} 1/2-1/2

[Event "Team 45 45 League T36"]
[Site "Internet Chess Club"]
[Date "2008.01.27"]
[Round "1"]
[White "lw"]
[Black "lmadueno"]
[Result "1-0"]
[WhiteElo "1596"]
[BlackElo "1681"]
[Opening "Bishop's opening/Petrov: Urusov gambit"]
[ECO "C24"]
[Time "14:03:15"]
[TimeControl "2700+45"]

1. e4 e5 2. Bc4 Nf6 3. d4 exd4 4. Nf3 Bb4+ 5. c3 dxc3 6. bxc3 Bc5 7. e5 Qe7 8.
O-O d5 9. exf6 Bxf2+ 10. Rxf2 Qxf6 11. Bxd5 O-O 12. Nd4 Qd6 13. Qf3 Qg6 14. Ba3
c5 15. Bxc5 {Black resigns} 1-0

[Event "Team 45 45 League T36"]
[Site "Internet Chess Club"]
[Date "2008.01.28"]
[Round "1"]
[White "jjmolina"]
[Black "stakastra"]
[Result "1-0"]
[WhiteElo "1569"]
[BlackElo "1500"]
[Opening "King's pawn game"]
[ECO "C50"]
[Time "14:00:09"]
[TimeControl "2700+45"]

1. e4 e5 2. Nf3 Nc6 3. Bc4 h6 4. c3 Nf6 5. Qb3 d5 6. exd5 Na5 7. Qb5+ c6 8. dxc6
Nxc6 9. Nxe5 a6 10. Bxf7+ Ke7 11. Qc5+ Qd6 12. Qxd6+ Kxd6 13. Ng6 Rh7 14. Nxf8
Ke7 15. Nxh7 Kxf7 16. Nxf6 Kxf6 17. O-O Bf5 18. d4 Rc8 19. Nd2 Na5 20. f3 Bd3
21. Re1 Nc6 22. Ne4+ Kf7 23. Kf2 Kg8 24. Nc5 Bc4 25. Nxb7 Rc7 26. Nd6 Bd5 27.
Ne4 Ne7 28. Nc5 a5 29. Bf4 Ra7 30. Bd6 Nf5 31. Bb8 Rf7 32. Re5 Bc6 33. Re6 Bd5
34. Re8+ Kh7 35. Rae1 g5 36. Be5 g4 37. Rh8+ Kg6 38. Rg8+ Kh7 39. Rxg4 Bxa2 40.
Rf4 Kg6 41. g4 Nh4 {Black resigns} 1-0

[Event "Team 45 45 League T36"]
[Site "Internet Chess Club"]
[Date "2008.02.03"]
[Round "1"]
[White "BaroneRosso"]
[Black "Squeaker"]
[Result "1-0"]
[WhiteElo "1974"]
[BlackElo "1879"]
[Opening "QGA: Ericson variation"]
[ECO "D21"]
[Time "15:32:02"]
[TimeControl "2700+45"]

1. d4 d5 2. c4 dxc4 3. Nf3 b5 4. e3 c6 5. a4 Qb6 6. axb5 cxb5 7. b3 cxb3 8. Qxb3
b4 9. Nc3 e6 10. Na4 Qb7 11. Bd2 a5 12. Be2 Nf6 13. O-O Be7 14. Ne5 Qa7 15. Rfc1
O-O 16. Bf3 Nd5 17. Nc5 Bxc5 18. Bxd5 a4 19. Bxa8 axb3 20. Rxa7 Bxa7 21. Bxb4
Rd8 22. Be4 f6 23. Nd3 f5 24. Bf3 Ba6 25. Nb2 Nd7 26. Be7 Rb8 27. Bd6 Rb5 28.
Ra1 Bb8 29. Rxa6 Bxd6 30. Rxd6 Nb8 31. g3 Kf7 32. Rd8 Rb4 33. Rc8 Na6 34. Rc6
Nb8 35. Rc7+ Kf6 36. Rb7 Na6 37. Rxb4 Nxb4 38. Bd1 Nc2 39. Kf1 e5 40. dxe5+ Kxe5
41. Ke2 Na1 42. Kd3 g5 43. f3 f4 44. Nc4+ Kd5 45. e4+ Kc5 46. Nb2 fxg3 47. hxg3
h5 48. f4 gxf4 49. gxf4 h4 50. Bg4 Nc2 51. f5 Kd6 52. Kc3 Ne3 53. Bf3 Nf1 54.
Nc4+ Ke7 55. Kxb3 h3 56. Ne5 Kf6 57. Ng4+ Kg5 58. Kc3 Kf4 59. f6 Kxf3 60. f7
Kxg4 61. f8=Q Ne3 62. Qg7+ Kf3 63. Qf6+ Kg3 64. Qg5+ Kf3 65. Qh4 Kg2 66. Kd3 Nf1
67. e5 h2 68. e6 Ng3 69. e7 h1=Q 70. Qxh1+ Nxh1 71. e8=Q Ng3 72. Qe3 Nf1 73.
Qg5+ Kh1 74. Ke2 Ng3+ 75. Kf3 Kh2 76. Qxg3+ Kh1 77. Qg2# {Black checkmated} 1-0

[Event "Team 45 45 League T36"]
[Site "Internet Chess Club"]
[Date "2008.01.26"]
[Round "1"]
[White "Fezzik"]
[Black "camembert"]
[Result "1-0"]
[WhiteElo "2062"]
[BlackElo "1893"]
[Opening "QGD Slav: Tolush-Geller gambit"]
[ECO "D15"]
[Time "15:05:36"]
[TimeControl "2700+45"]

1. d4 d5 2. c4 c6 3. Nf3 Nf6 4. Nc3 dxc4 5. e4 b5 6. e5 Nd5 7. a4 e6 8. axb5
Nxc3 9. bxc3 cxb5 10. Ng5 Bb7 11. Qh5 g6 12. Qg4 Be7 13. Be2 Bd5 14. Ne4 Nc6 15.
Bh6 b4 16. Bg7 Rg8 17. Bf6 Bxe4 18. Qxe4 Qd5 19. Qxd5 exd5 20. Bxe7 Kxe7 21. Ra6
Rac8 22. Kd2 b3 23. Re1 Rc7 24. Rb1 Rd8 25. Ke3 Rb8 26. Bxc4 dxc4 27. d5 Rd7 28.
Rxc6 Rxd5 29. Rxc4 Rxe5+ 30. Kd4 Reb5 31. Rc7+ Ke6 32. Rxa7 Rd5+ 33. Kc4 b2 34.
Ra6+ Rd6 35. Rxd6+ Kxd6 36. Kd3 h5 37. Kc2 Rb5 38. Rxb2 Rf5 39. Kd3 Kc6 40. c4
Rf6 41. Ra2 Rf5 42. f3 h4 43. Ke4 f6 44. Ra6+ Kb7 45. Ra2 Kc6 46. f4 Kc7 47. Ra8
Rc5 48. Ra4 g5 49. g3 hxg3 50. hxg3 gxf4 51. Kxf4 Kd6 52. Kg4 Rg5+ 53. Kf4 Rc5
54. Rb4 Kc6 55. Kg4 Rg5+ 56. Kh4 Rc5 57. Kh3 Kd6 58. Kg4 Rg5+ 59. Kf4 Rc5 60.
Ke4 Rg5 61. Rb3 Kc6 62. Rf3 f5+ 63. Kf4 Rg4+ 64. Kxf5 Rxc4 65. Rd3 {Black
resigns} 1-0

[Event "Team 45 45 League T36"]
[Site "Internet Chess Club"]
[Date "2008.01.31"]
[Round "1"]
[White "room-matt"]
[Black "Knight77"]
[Result "0-1"]
[WhiteElo "1800"]
[BlackElo "1828"]
[Opening "Sicilian: closed"]
[ECO "B24"]
[Time "14:18:55"]
[TimeControl "2700+45"]

1. e4 c5 2. Nc3 Nc6 3. g3 Nf6 4. Bg2 g6 5. d3 Bg7 6. h3 d6 7. Nf3 O-O 8. Be3 Bd7
9. Qd2 b5 10. Bh6 Rb8 11. Bxg7 Kxg7 12. Ne2 e5 13. O-O a5 14. a3 Qc8 15. Kh2 Nd4
16. Nfxd4 cxd4 17. Rac1 b4 18. axb4 Rxb4 19. b3 Qc7 20. c3 dxc3 21. Rxc3 Qb6 22.
Nc1 Be6 23. Re1 Bxb3 24. Nxb3 Rxb3 25. Rxb3 Qxb3 26. Qe3 Rc8 27. f4 Rc3 28. Bf1
a4 29. fxe5 dxe5 30. Be2 Qb2 31. Rf1 a3 32. Qf2 Rc6 33. g4 h6 34. d4 a2 35. dxe5
Qxe5+ 36. Kg2 a1=Q 37. Rxa1 Qxa1 38. Bd3 Qc3 39. Qf3 Rd6 {White resigns} 0-1

[Event "Team 45 45 League T36"]
[Site "Internet Chess Club"]
[Date "2008.01.28"]
[Round "1"]
[White "chiiwen"]
[Black "jayes"]
[Result "0-1"]
[WhiteElo "1971"]
[BlackElo "2084"]
[Opening "Sicilian: closed"]
[ECO "B24"]
[Time "11:52:03"]
[TimeControl "2700+45"]

1. e4 c5 2. Nc3 g6 3. g3 Bg7 4. Bg2 Nc6 5. d3 Rb8 6. Be3 d6 7. Qd2 b5 8. f4 b4
9. Nd1 Qc7 10. Nf3 Nf6 11. h3 a5 12. O-O Ba6 13. g4 h5 14. g5 Nd7 15. Re1 O-O
16. Rb1 Nd4 17. Bxd4 cxd4 18. f5 Ne5 19. Nf2 Nxf3+ 20. Bxf3 Rfc8 21. Rbc1 a4 22.
h4 a3 23. b3 Qc3 24. Qxc3 Rxc3 25. Bd1 Be5 26. Kg2 Rbc8 27. Ra1 Rxc2 28. Bxc2
Rxc2 29. Rec1 Bxd3 30. Kg1 Rxc1+ 31. Rxc1 Be2 32. Rc2 d3 33. Rd2 Bc3 34. Rxd3
Bxd3 35. Nxd3 e6 36. fxg6 fxg6 37. Kf2 Kf7 38. Kf3 Ke7 39. Ke3 e5 40. Kf3 Ke6
41. Ke3 d5 42. Kf3 Bd2 43. Nc5+ Kd6 44. Nb7+ Kc7 45. Nc5 Be1 46. exd5 Bxh4 47.
Ne4 Be1 48. Ke2 Bc3 49. Kf3 Bb2 50. Ke2 Bc1 51. Kf3 Bf4 52. Ke2 h4 53. Kf3 h3
54. Kf2 h2 55. Kg2 Bxg5 56. Nxg5 Kd6 57. Kxh2 Kxd5 58. Nf3 e4 59. Ne1 Kd4 60.
Kg2 Kc3 61. Kf2 Kd2 62. Ng2 Kc2 63. Ke3 Kb2 64. Kd4 Kxa2 65. Kc4 Kb2 66. Ne3 a2
{White resigns} 0-1

[Event "Team 45 45 League T36"]
[Site "Internet Chess Club"]
[Date "2008.01.28"]
[Round "1"]
[White "Legal"]
[Black "mitus"]
[Result "1-0"]
[WhiteElo "2010"]
[BlackElo "1854"]
[Opening "Scotch gambit: Dubois-Réti defense"]
[ECO "C55"]
[Time "17:13:31"]
[TimeControl "2700+45"]

1. e4 e5 2. Nf3 Nc6 3. d4 exd4 4. Bc4 Nf6 5. e5 d5 6. Bb5 Bb4+ 7. c3 Qe7 8. O-O
Ne4 9. cxb4 O-O 10. Bxc6 bxc6 11. Nxd4 Qxe5 12. Nxc6 Qe6 13. Qxd5 Qe8 14. Re1
Bb7 15. Ne7+ Qxe7 16. Qxb7 Rfd8 17. f3 Qh4 18. Qxe4 {Black resigns} 1-0

[Event "Team 45 45 League T36"]
[Site "Internet Chess Club"]
[Date "2008.01.26"]
[Round "1"]
[White "kabindra"]
[Black "Holzschlange"]
[Result "0-1"]
[WhiteElo "1790"]
[BlackElo "1943"]
[Opening "Scotch gambit: Dubois-Réti defense"]
[ECO "C55"]
[Time "10:01:03"]
[TimeControl "2700+45"]

1. e4 e5 2. Nf3 Nc6 3. d4 exd4 4. Bc4 Nf6 5. e5 Ng4 6. Bxf7+ Kxf7 7. Ng5+ Kg8 8.
Qxg4 h6 9. Nf3 d6 10. e6 Qf6 11. O-O Bxe6 12. Qe4 d5 13. Qe2 Bd6 14. h3 Kh7 15.
Nbd2 Rhf8 16. Nb3 Rae8 17. Qd3+ Bf5 18. Qb5 Bxh3 19. Qd3+ Bf5 20. Qb5 Be4 21.
Nbd2 Ne5 22. Nxd4 Bxg2 23. f4 Bxf1 24. Qxf1 Qxf4 25. Qxf4 Rxf4 26. N2b3 Rf7 27.
Bd2 Nf3+ 28. Nxf3 Rxf3 29. Nd4 Rf6 30. Bc3 Bc5 31. Kg2 Bxd4 32. Bxd4 Re2+ 33.
Kg1 Rfe6 34. Rc1 Re1+ 35. Rxe1 Rxe1+ 36. Kf2 Re7 37. a4 b6 38. a5 c5 39. Bc3 d4
40. Bd2 Kg6 41. b4 Kf5 42. b5 g5 43. c4 h5 44. axb6 axb6 45. Kf3 Re3+ 46. Bxe3
dxe3 47. Kxe3 g4 48. Kf2 h4 49. Kg2 Kf4 50. Kf2 h3 51. Kg1 Ke3 52. Kf1 Kd3
{White resigns} 0-1

[Event "Team 45 45 League T36"]
[Site "Internet Chess Club"]
[Date "2008.01.24"]
[Round "1"]
[White "nightly"]
[Black "Alphalegacy"]
[Result "0-1"]
[WhiteElo "1837"]
[BlackElo "2088"]
[Opening "English: symmetrical variation"]
[ECO "A38"]
[Time "17:02:56"]
[TimeControl "2700+45"]

1. Nf3 Nf6 2. c4 c5 3. Nc3 Nc6 4. g3 g6 5. Bg2 Bg7 6. d4 cxd4 7. Nxd4 O-O 8. O-O
Qb6 9. Nc2 d6 10. Rb1 Bf5 11. e4 Bg4 12. Qd2 Ne5 13. Ne3 Nf3+ 14. Bxf3 Bxf3 15.
Ned5 Nxd5 16. Nxd5 Qd8 17. Qe3 Bg4 18. b3 e6 19. Nf4 Bh6 20. Qd3 e5 21. Nd5 Bg7
22. f3 Bh3 23. Rf2 f5 24. Rbb2 Qd7 25. Rbe2 Rf7 26. Be3 b6 27. f4 Re8 28. fxe5
Bxe5 29. exf5 Bxf5 30. Qd2 b5 31. Bd4 Re6 32. Bxe5 dxe5 33. Ne3 Rd6 34. Qc3 Rd3
35. Qxe5 Re7 36. Qf4 Re4 37. Qb8+ Re8 38. Qf4 Re4 39. Qb8+ Re8 40. Qf4 Rd1+ 41.
Rf1 Rxf1+ 42. Qxf1 Bd3 43. Qd1 bxc4 44. bxc4 Qd4 45. Qd2 Re4 46. Re1 Bxc4 47.
Qxd4 Rxd4 48. Nxc4 Rxc4 49. Re2 a5 50. Kf2 Kf7 51. Ke1 Kf6 52. Kd2 Kf5 53. h3
Ra4 54. Ke1 Re4 55. Kf2 Rxe2+ 56. Kxe2 Ke4 57. h4 a4 58. a3 h6 59. Kf2 Kd3 60.
g4 Kc3 61. Ke3 g5 62. hxg5 hxg5 63. Ke4 Kb2 64. Kf5 Kxa3 65. Kxg5 Kb4 66. Kh6 a3
67. g5 a2 68. g6 a1=Q 69. g7 Qh1+ 70. Kg6 Qg2+ 71. Kf7 Qf3+ 72. Kg6 Qg4+ 73. Kf7
Qf5+ 74. Ke8 Qg6+ 75. Kf8 Qf6+ 76. Kg8 Kc5 77. Kh7 Qf7 78. Kh8 Qh5+ 79. Kg8 Kd6
80. Kf8 Qf5+ 81. Kg8 Ke7 82. Kh8 Qh5+ 83. Kg8 Kf6 {White resigns} 0-1

[Event "Team 45 45 League T36"]
[Site "Internet Chess Club"]
[Date "2008.01.26"]
[Round "1"]
[White "burnsja2003"]
[Black "touchthis"]
[Result "1-0"]
[WhiteElo "1693"]
[BlackElo "1694"]
[Opening "QGD: Chigorin defense"]
[ECO "D07"]
[Time "12:33:35"]
[TimeControl "2700+45"]

1. d4 d5 2. c4 Nc6 3. e3 e5 4. a3 Nf6 5. Nc3 exd4 6. exd4 dxc4 7. Bxc4 Qxd4 8.
Qb3 Qd7 9. Be3 Bd6 10. Nf3 O-O 11. Qa2 Ne5 12. Nxe5 Bxe5 13. Rd1 Bxc3+ 14. bxc3
Qe7 15. O-O Be6 16. Bg5 Bxc4 17. Qxc4 Rfe8 18. h3 Qe5 19. Bxf6 Qxf6 20. Qxc7
Rec8 21. Qxb7 Rcb8 22. Qe4 Qxc3 23. Rd3 Qf6 24. Rf3 Qd6 25. Rg3 Re8 26. Qg4 Qf6
27. Rf3 Qe6 28. Qa4 Qb6 29. Rb3 Qc7 30. Qg4 Re6 31. Qf3 Rb8 32. Rfb1 Rbe8 33. g3
h6 34. Rb7 Re1+ 35. Kg2 Qc4 36. Rxe1 Rxe1 37. Rb8+ Kh7 38. g4 Qf1+ 39. Kg3 Qg1+
40. Kh4 Re7 41. Qf5+ g6 42. Qf6 g5+ 43. Kh5 {Black resigns} 1-0

[Event "Team 45 45 League T36"]
[Site "Internet Chess Club"]
[Date "2008.01.24"]
[Round "1"]
[White "sean98"]
[Black "Stav"]
[Result "0-1"]
[WhiteElo "1674"]
[BlackElo "1745"]
[Opening "Sicilian: Najdorf variation"]
[ECO "B98"]
[Time "16:01:59"]
[TimeControl "2700+45"]

1. e4 c5 2. Nf3 e6 3. d4 cxd4 4. Nxd4 Nf6 5. Nc3 d6 6. Bg5 a6 7. f4 Be7 8. Qf3
Qc7 9. O-O-O Nc6 10. g4 Nxd4 11. Rxd4 e5 12. Rc4 Qa5 13. Bxf6 Bxf6 14. Ra4 Qc5
15. f5 Bd7 16. Rc4 Bg5+ 17. Kb1 Qa5 18. h4 Bf4 19. Nd5 Qe1+ {White resigns} 0-1

[Event "Team 45 45 League T36"]
[Site "Internet Chess Club"]
[Date "2008.01.26"]
[Round "1"]
[White "reijo"]
[Black "oldsj"]
[Result "1-0"]
[WhiteElo "1636"]
[BlackElo "1532"]
[Opening "King's Indian: orthodox, Aronin-Taimanov variation (Yugoslav attack / Mar del Plata variation)"]
[ECO "E97"]
[Time "09:28:26"]
[TimeControl "2700+45"]

1. d4 Nf6 2. c4 g6 3. Nc3 Bg7 4. e4 d6 5. Nf3 O-O 6. Be2 e5 7. O-O Nc6 8. Be3
Nh5 9. Bg5 f6 10. Be3 f5 11. Ne1 f4 12. Bxh5 fxe3 13. fxe3 Rxf1+ 14. Kxf1 gxh5
15. Qxh5 Qf6+ 16. Nf3 Qg6 17. Qxg6 hxg6 18. Nd5 Bg4 19. Nxc7 Rc8 20. Nb5 Rf8 21.
Ke2 exd4 22. Rd1 Ne5 23. Nxd4 Nxf3 24. gxf3 Bh5 25. Rf1 Bxd4 26. exd4 g5 27. h3
Kh7 28. Ke3 Kh6 29. b4 g4 30. hxg4 Bxg4 31. f4 Be6 32. Kd3 Kh5 33. f5 Bd7 34.
Rg1 Rf6 35. Ke3 Kh6 36. Kf4 Be8 37. c5 Bb5 38. e5 dxe5+ 39. dxe5 Rf8 40. f6 Bd7
41. Rg7 Bc6 42. Kf5 Bb5 43. Rxb7 Bd3+ 44. Kf4 Bc4 45. Rxa7 Be6 46. b5 Rg8 47. f7
Rg4+ 48. Kf3 Rg7 49. f8=Q Bf7 50. Rxf7 Kh5 51. Qxg7 Kh4 52. Qg4# {Black
checkmated} 1-0

[Event "Team 45 45 League T36"]
[Site "Internet Chess Club"]
[Date "2008.01.28"]
[Round "1"]
[White "kingphisch"]
[Black "Cantemir"]
[Result "1-0"]
[WhiteElo "1459"]
[BlackElo "1457"]
[Opening "Sicilian: Grand Prix attack"]
[ECO "B23"]
[Time "19:05:05"]
[TimeControl "2700+45"]

1. e4 c5 2. Nc3 Nc6 3. f4 e5 4. Nf3 exf4 5. Bb5 Nd4 6. O-O Nf6 7. d3 Be7 8. Nxd4
cxd4 9. Ne2 Qb6 10. Ba4 g5 11. Kh1 Qa5 12. Bb3 Bc5 13. e5 Ng4 14. Nxf4 gxf4 15.
Qxg4 d6 16. Qg7 Rf8 17. Bxf4 dxe5 18. Bxf7+ Rxf7 19. Qxe5+ Re7 20. Qh5+ Kd7 21.
Qd5+ Ke8 22. Bg5 Be6 23. Qe4 Qc7 24. Bxe7 Kxe7 25. Rae1 Qd6 26. Qxh7+ Ke8 27.
Qg8+ Kd7 28. Qxa8 Kc6 29. Qe8+ Bd7 30. Qe4+ Kb6 31. Qe5 Qc6 32. Rf6 Qxf6 33.
Qxf6+ Kb5 34. h4 Bg4 35. Qg5 Bd7 36. h5 Bc6 37. h6 a5 38. h7 a4 39. Qxc5+ Kxc5
40. h8=Q a3 41. Qe5+ Bd5 42. Qc7+ Bc6 43. Re5+ Kb4 44. Qb6+ Ka4 45. Ra5# {Black
checkmated} 1-0

[Event "Team 45 45 League T36"]
[Site "Internet Chess Club"]
[Date "2008.01.28"]
[Round "1"]
[White "vkpanch"]
[Black "cayo89"]
[Result "1/2-1/2"]
[WhiteElo "1679"]
[BlackElo "1791"]
[Opening "French: exchange variation"]
[ECO "C01"]
[Time "21:00:45"]
[TimeControl "2700+45"]

1. e4 e6 2. d4 d5 3. exd5 exd5 4. Bd3 Nf6 5. Nf3 Bg4 6. h3 Bh5 7. Bg5 Be7 8. c3
Nbd7 9. Nbd2 c6 10. Qc2 Bg6 11. Bxg6 hxg6 12. O-O-O Qa5 13. Kb1 O-O 14. Ne5 Bd6
15. Nxd7 Nxd7 16. h4 f6 17. Qxg6 Qd8 18. h5 Qe8 19. Be3 b5 20. Qxe8 Rfxe8 21. h6
g6 22. h7+ Kh8 23. Rh6 Kg7 24. Nf3 Rh8 25. Rdh1 Nf8 26. Nh4 Rxh7 27. Rxh7+ Nxh7
28. Bh6+ Kf7 29. Nf3 g5 30. Kc2 Kg6 31. g3 a5 32. Rh2 Re8 33. Kd2 b4 34. Ne1 c5
35. f4 cxd4 36. cxd4 Re4 37. Nc2 gxf4 38. gxf4 Rxf4 39. Rh1 Ng5 40. Bxg5 fxg5
41. Re1 Kf5 42. Ne3+ Kg6 43. Kd3 Re4 44. Re2 g4 45. Nxg4 Rxe2 46. Kxe2 Kf5 47.
Kf3 a4 48. b3 axb3 49. axb3 Bf8 50. Ne3+ Ke6 51. Kf4 Bh6+ 52. Kf3 Bg7 53. Nc2
Bf8 54. Kg4 Bd6 55. Kf3 Bf8 56. Kg4 Bg7 57. Nxb4 Bxd4 58. Nxd5 Kxd5 59. b4 Kc4
60. b5 Kxb5 {Game drawn because neither player has mating material} 1/2-1/2

[Event "Team 45 45 League T36"]
[Site "Internet Chess Club"]
[Date "2008.01.27"]
[Round "1"]
[White "HKNIGHT"]
[Black "avila"]
[Result "0-1"]
[WhiteElo "1693"]
[BlackElo "1543"]
[Opening "Queen's pawn game"]
[ECO "D00"]
[Time "14:01:16"]
[TimeControl "2700+45"]

1. d4 d5 2. e3 Nf6 3. f4 c5 4. c3 Nc6 5. Nf3 e6 6. Bd3 Bd7 7. O-O Rc8 8. Ne5 Bd6
9. Nd2 O-O 10. Qf3 Ne7 11. g4 cxd4 12. exd4 Ng6 13. Qg3 Ne8 14. Ndf3 Be7 15. g5
Nd6 16. Be3 Nc4 17. Nxc4 dxc4 18. Be2 Bd6 19. Ne5 Bxe5 20. fxe5 Ne7 21. Bg4 Bc6
22. Bh3 Be4 23. Rf2 Nf5 24. Qf4 Nxe3 25. Qxe3 Bg6 26. Bg2 Rc7 27. h4 Bh5 28. Bf3
Bxf3 29. Qxf3 b5 30. Raf1 Qe7 31. Qg2 Rcc8 32. Rf6 Kh8 33. R6f4 Kg8 34. Rg4 a5
35. h5 g6 36. hxg6 fxg6 37. Rf6 Rf7 38. Rgf4 Rxf6 39. Rxf6 Kg7 40. Qh3 Re8 41.
Qh6+ Kg8 42. Qh1 Qd7 43. Qg2 b4 44. Qf3 a4 45. Qe4 bxc3 46. bxc3 Rb8 47. Rf2 Qb5
48. Qf3 Qb1+ 49. Kg2 Qf5 50. Qxf5 gxf5 51. Kf3 Kf7 52. Kf4 a3 53. Rd2 Rb2 54.
Ke3 Kg6 55. Ke2 Kxg5 56. Kd1 h5 57. Rxb2 axb2 58. Kc2 h4 59. Kxb2 h3 60. d5 exd5
61. e6 Kf6 62. a4 h2 63. a5 h1=Q 64. a6 Kxe6 65. a7 Qh8 {White resigns} 0-1

[Event "Team 45 45 League T36"]
[Site "Internet Chess Club"]
[Date "2008.01.27"]
[Round "1"]
[White "natethegreat"]
[Black "scottrugby"]
[Result "1/2-1/2"]
[WhiteElo "1550"]
[BlackElo "1506"]
[Opening "Sicilian: Alapin's variation (2.c3)"]
[ECO "B22"]
[Time "15:30:23"]
[TimeControl "2700+45"]

1. e4 c5 2. c3 g6 3. d4 cxd4 4. cxd4 d5 5. e5 Nc6 6. Nf3 Bg7 7. Bd3 f6 8. exf6
exf6 9. O-O Nge7 10. Be3 O-O 11. Qd2 Nf5 12. Bxf5 Bxf5 13. Bh6 Bxh6 14. Qxh6 Qb6
15. Qd2 Qb4 16. Nc3 Rad8 17. a3 Qd6 18. Nb5 Qb8 19. Nh4 Be6 20. Rfe1 Rde8 21.
Re3 a6 22. Nc3 Qf4 23. Rae1 Bd7 24. g3 Qxd4 25. Qxd4 Nxd4 26. Rxe8 Rxe8 27.
Rxe8+ Bxe8 28. Nxd5 g5 29. Nxf6+ Kf7 30. Nxe8 Kxe8 31. Ng2 Nf3+ 32. Kh1 Kd7 33.
Ne3 Kd6 34. Kg2 Ne1+ 35. Kf1 Nd3 36. Nd1 Kd5 37. Ke2 Kd4 38. Kd2 g4 39. a4 a5
40. Kc2 Ne1+ 41. Kb3 Nf3 42. Nc3 Nxh2 43. Kc2 Nf3 44. Kd1 {Game drawn by mutual
agreement} 1/2-1/2

[Event "Team 45 45 League T36"]
[Site "Internet Chess Club"]
[Date "2008.01.26"]
[Round "1"]
[White "Joustcaptain"]
[Black "Caminator"]
[Result "0-1"]
[WhiteElo "1166"]
[BlackElo "1280"]
[Opening "Van't Kruijs opening"]
[ECO "A00"]
[Time "11:06:47"]
[TimeControl "2700+45"]

1. e3 e5 2. d3 d5 3. a3 Nf6 4. h3 Nc6 5. Be2 Bd6 6. Bd2 O-O 7. b3 Bf5 8. Qc1 Qe7
9. Qb2 Rad8 10. g4 Be6 11. g5 Nd7 12. h4 f6 13. e4 Qf7 14. g6 Qxg6 15. Nc3 d4
16. Nb5 f5 17. Nxd6 cxd6 18. exf5 Qxf5 19. Bf3 Kh8 20. O-O-O d5 21. Kb1 e4 22.
dxe4 dxe4 23. Be2 Qxf2 24. Bc4 Bg4 25. Nh3 Qg2 26. Nf4 Rxf4 27. Bxf4 Bxd1 28.
Rxd1 Nb6 29. Bg5 Rd7 30. Bb5 Rf7 31. Bxc6 bxc6 32. Qxd4 h6 33. Qd8+ Kh7 34. Bc1
Qf3 35. Qe8 Rf8 36. Qe7 Nd5 37. Rxd5 cxd5 38. Qxa7 Qf2 39. h5 Qxa7 {White
resigns} 0-1

[Event "Team 45 45 League T36"]
[Site "Internet Chess Club"]
[Date "2008.01.28"]
[Round "1"]
[White "luar1609"]
[Black "chsrules88"]
[Result "1/2-1/2"]
[WhiteElo "2112"]
[BlackElo "2037"]
[Opening "Ruy Lopez: closed, Chigorin defense"]
[ECO "C97"]
[Time "16:03:23"]
[TimeControl "2700+45"]

1. e4 e5 2. Nf3 Nc6 3. Bb5 a6 4. Ba4 Nf6 5. O-O Be7 6. Re1 b5 7. Bb3 O-O 8. c3
d6 9. h3 Na5 10. Bc2 c5 11. d4 Qc7 12. Nbd2 Bd7 13. Nf1 Rac8 14. dxe5 dxe5 15.
Ne3 Rcd8 16. Qe2 c4 17. Nd5 Nxd5 18. exd5 f6 19. Nh4 Nb7 20. Qh5 f5 21. Nxf5
Bxf5 22. Bxf5 g6 23. Be6+ Kh8 24. Qxe5+ Qxe5 25. Rxe5 Bc5 26. Be3 Bxe3 27. Rxe3
Nc5 28. Rd1 Rd6 29. Bg4 Nd3 30. Rdxd3 cxd3 31. Rxd3 Rfd8 32. Bf3 Kg7 33. b3 Rc8
34. Bg4 Re8 35. Kf1 h5 36. Bf3 Rc8 37. Ke2 Kf6 38. Kd2 Rc7 39. Rd4 Ke5 40. Kd3
Rf6 41. c4 Kd6 42. Re4 Rb7 43. Kd4 bxc4 44. bxc4 Rb2 45. c5+ Kd7 46. d6 Rf7 47.
Kc3 Rxa2 48. Rb4 Ra3+ 49. Kd4 Raxf3 50. gxf3 Rf4+ 51. Kc3 Rxf3+ 52. Kc4 Rf4+ 53.
Kb3 Rf3+ 54. Ka4 Kc6 55. Rd4 Rf8 56. Kb4 Rf7 57. Kc4 g5 58. Kb4 Rb7+ 59. Kc3 Rd7
60. Kc4 Rf7 61. f3 h4 62. Kb4 Rb7+ 63. Ka5 Rb8 64. Rd1 Kxc5 65. d7 Rd8 66. Rg1
Rxd7 67. Rxg5+ Kd4 68. Rg4+ Ke3 69. f4 Rf7 70. Rxh4 Rxf4 71. Rh8 Kf3 72. h4 Kg4
73. h5 Rf5+ 74. Kxa6 Rxh5 75. Rxh5 Kxh5 {Game drawn because neither player has
mating material} 1/2-1/2